 Dungeon Crawl Stone Soup version 0.18.1-48-g4cf74bf (webtiles) character file.

98 WarriorsX the Skirmisher (level 5, 0/44 HPs)
             Began as a Human Fighter on July 27, 2016.
             Slain by a kobold
             ... wielding a +0 short sword
              (3 damage)
             ... on level 3 of the Dungeon.
             The game lasted 00:04:06 (1515 turns).

WarriorsX the Skirmisher (Human Fighter)            Turns: 1515, Time: 00:04:07

Health: 0/44       AC:  7    Str: 17    XL:     5   Next: 1%
Magic:  5/5        EV:  9    Int:  8    God:
Gold:   107        SH:  0    Dex: 13    Spells: 0 memorised, 4 levels left

rFire  . . .     SeeInvis .     a - +0 long sword
rCold  . . .     Gourm    +     b - +0 scale mail
rNeg   . . .     Faith    .     (no shield)
rPois  .         Spirit   .     (no helmet)
rElec  .         Dismiss  .     o - +0 cloak
rCorr  .         Reflect  .     (no gloves)
SustAt .         Harm     .     (no boots)
MR     .....                    j - amulet of the gourmand
Stlth  ..........               (no ring)
                                (no ring)

@: not resistant to hostile enchantments, extremely unstealthy
A: no striking features
a: no special abilities


You were on level 3 of the Dungeon.
You were completely stuffed.

You visited 1 branch of the dungeon, and saw 3 of its levels.

You collected 107 gold pieces.

Inventory:

Hand Weapons
 a - a +0 long sword (weapon)
Armour
 b - a +0 scale mail (worn)
 c - a +0 shield
 o - a +0 cloak (worn)
Jewellery
 j - an amulet of the gourmand (around neck)
Scrolls
 e - a scroll of amnesia {unknown}
 g - a scroll of fog {unknown}
 h - a scroll of magic mapping {unknown}
 k - a scroll of teleportation {unknown}
 m - a scroll of identify {unknown}
 n - a scroll of remove curse {unknown}
 q - a scroll of blinking {unknown}
Potions
 d - a potion of might
 i - a potion of flight {unknown}
 l - a potion of haste {unknown}
 p - 2 potions of curing {unknown}
Comestibles
 f - 2 bread rations
 r - 2 chunks of flesh


   Skills:
 + Level 5.2 Fighting
 - Level 2.0 Long Blades
 - Level 3.0 Armour
 + Level 0.2 Stealth
 - Level 3.0 Shields


You had 4 spell levels left.
You didn't know any spells.

Dungeon Overview and Level Annotations

Branches:
Dungeon (3/15)

Altars:
Xom


Message History

You closely miss the orc priest. The bat hits you but does no damage.
The orc priest hits you but does no damage.
You barely miss the orc priest. The bat barely misses you.
The orc priest mumbles some strange prayers to Beogh against you.
Pain shoots through your body!
The orc priest calls down the wrath of Beogh upon you.
Beogh smites you!
You slash the orc priest!
The orc priest is severely wounded.
The bat hits you but does no damage. The bat barely misses you.
The orc priest calls down the wrath of Beogh upon you.
Beogh smites you!
* * * LOW HITPOINT WARNING * * *
You hit the orc priest.
You kill the orc priest!
Your Fighting skill increases to level 5!
You have reached level 5!
The bat closely misses you. The bat hits you but does no damage.
The bat barely misses you. The kobold hits you with a short sword.
You die...

#........ #.......
#....... #.......
#.....##......# #######
#.....##......# .......
#.............##.......
###............b@K.......
...........##+#.##.......
...........##.#.# #######
...†.......##.#.#
<..........##...#
....####...###..#
....##......)...# ....
....##..........#.....
....##.........>#......


You could see a bat and a kobold.

Vanquished Creatures
  An orc priest (D:3)
  2 adders (D:2)
  A worm (D:2)
  A dart slug (D:1)
  3 orcs (D:3)
  A ball python (D:2)
  4 bats
  5 goblins
  5 hobgoblins
  4 jackals
  6 kobolds
  A quokka (D:2)
  4 giant newts
  4 rats
42 creatures vanquished.

Notes
Turn   | Place    | Note
--------------------------------------------------------------
     0 | D:1      | WarriorsX the Human Fighter began the quest for the Orb.
     0 | D:1      | Reached XP level 1. HP: 18/18 MP: 1/1
    93 | D:1      | Reached XP level 2. HP: 10/24 MP: 2/2
   380 | D:1      | Found a shimmering altar of Xom.
   660 | D:1      | Reached skill level 4 in Fighting
   660 | D:1      | Reached XP level 3. HP: 30/30 MP: 3/3
  1220 | D:2      | Reached XP level 4. HP: 38/38 MP: 4/4
  1515 | D:3      | Reached skill level 5 in Fighting
  1515 | D:3      | Reached XP level 5. HP: 2/44 MP: 5/5
  1515 | D:3      | Slain by a kobold

Skill      XL: |  1  2  3  4 |
---------------+-------------+-----
Fighting       | 4 5 |  5.2
Long Blades    | |  2.0
Armour         | |  3.0
Stealth        | |  0.2
Shields        | |  3.0

Action                   |  1- 3 |  4- 6 || total
-------------------------+-------+-------++-------
Melee: Long sword        |    87 |    45 ||   132
  Eat: Chunk             |    11 |     4 ||    15
Armor: Scale mail        |    40 |    29 ||    69
Dodge: Dodged            |    61 |    33 ||    94
